 Dungeon Crawl Stone Soup version 0.24-a0-458-gfcb5e6d (webtiles) character file.

Game seed: 9960603182572661857

522 GandaPestile the Chopper (level 7, -7/61 HPs)
             Began as a Minotaur Fighter on June 27, 2019.
             Mangled by an orc warrior
             ... wielding a +0 hand axe
              (14 damage)
             ... on level 5 of the Dungeon.
             The game lasted 00:19:15 (2968 turns).

GandaPestile the Chopper (Minotaur Fighter)         Turns: 2968, Time: 00:19:16

Health: -7/61      AC: 10    Str: 26      XL:     7   Next: 2%
Magic:  5/5        EV:  8    Int:  3 (5)  God:
Gold:   239        SH: 10    Dex:  8 (9)  Spells: 6/6 levels left

rFire    . . .     SeeInvis .   a - +1 war axe
rCold    . . .     Gourm    .   c - +0 shield
rNeg     + . .     Faith    .   b - +0 scale mail
rPois    +         Spirit   .   (helmet restricted)
rElec    .         Reflect  .   (no cloak)
rCorr    .         Harm     .   l - +2 pair of gloves
MR       .....                  (no boots)
Stlth    ..........             (no amulet)
HPRegen  0.20/turn              j - +5 ring of strength
MPRegen  0.09/turn              r - ring of positive energy

@: lightly drained
A: retaliatory headbutt, horns 2, deterioration 1, low mp 1, poison resistance,
weak 1
a: no special abilities


You were on level 5 of the Dungeon.
You were not hungry.

You visited 1 branch of the dungeon, and saw 5 of its levels.

You collected 239 gold pieces.

Inventory:

Hand Weapons
 a - a +1 war axe (weapon)
Armour
 b - a +0 scale mail (worn)
 c - a +0 shield (worn)
 e - a +0 pair of boots
 l - a +2 pair of gloves (worn)
Jewellery
 j - a +5 ring of strength (left hand)
 r - a ring of positive energy (right hand)
Wands
 i - a wand of flame (20)
 q - a wand of scattershot (6)
Scrolls
 g - a scroll of identify
 h - 3 scrolls of teleportation
 t - 2 scrolls of remove curse
Potions
 d - a potion of might
 k - 2 potions of curing
 m - a potion of lignification {unknown}
 o - 3 potions of invisibility
Comestibles
 f - 9 rations


   Skills:
 + Level 5.6(5.5) Fighting
 * Level 6.3(6.2) Axes
 + Level 5.5 Armour
 - Level 0.2 Dodging
 + Level 4.4 Shields


You had 6 spell levels left.
You didn't know any spells.
Your spell library was empty.

Dungeon Overview and Level Annotations

Branches:
Dungeon (5/15)
 Temple: D:4-7

Altars:
Ru
Trog
Vehumet
Xom

Shops:
D:4 }


Innate Abilities, Weirdness & Mutations

You reflexively headbutt those who attack you in melee.
You have a pair of horns on your head.
Your body sometimes deteriorates upon taking damage.
Your magical capacity is low. (-10% MP)
Your system is resistant to poisons. (rPois)
You are weak. (Str -2)


Message History

The orc warrior is moderately wounded.
The orc hits you but does no damage.
The orc warrior hits you with a +0 hand axe!
* * * LOW HITPOINT WARNING * * *
Sorry, you're not good enough to have a special ability.
Aiming: Scattershot
Press: ? - help, Shift-Dir - straight line, f - orc warrior
Aim: an orc warrior, wielding a +0 hand axe and wearing a +0 chain mail (moderately wounded)
The burst of metal fragments hits the orc warrior but does no damage. x3
The orc warrior is moderately wounded.
The orc barely misses you. The orc warrior closely misses you.
Your shield prevents you from hitting the orc warrior.
Your headbutt misses the orc warrior.
The orc warrior is moderately wounded.
The orc hits you from afar with a +0 trident.
* * * LOW HITPOINT WARNING * * *
You block the orc warrior's attack.
There is a stone staircase leading up here.
The orc warrior hits you with a +0 hand axe!
You die...

######
#@oo.#
####.#
...
.....
#####.#
#


You could see an orc warrior and an orc.

Vanquished Creatures
  Eustachio (D:4)
  A scorpion (D:4)
  A hound (D:4)
  2 orc priests
  An iguana (D:4)
  A worker ant (D:4)
  An orc wizard (D:3)
  A hound skeleton (D:4)
  6 adders
  A shadow imp (D:2)
  An ooze (D:3)
  4 worms
  A dart slug (D:2)
  5 leopard geckos
  12 orcs
  6 goblins
  6 hobgoblins
  11 jackals
  6 kobolds
  3 bats
  3 frilled lizards
  5 rats
79 creatures vanquished.

Notes
Turn   | Place    | Note
-------+----------+-------------------------------------------
     0 | D:1      | GandaPestile the Minotaur Fighter began the quest for the
                  | Orb.
     0 | D:1      | Reached XP level 1. HP: 19/19 MP: 0/0
   137 | D:1      | Reached XP level 2. HP: 27/27 MP: 1/1
   634 | D:2      | Reached skill level 3 in Axes
   647 | D:2      | Reached XP level 3. HP: 26/33 MP: 2/2
   945 | D:2      | You fall into a shaft and drop 2 floors!
  1050 | D:2      | Reached XP level 4. HP: 36/40 MP: 3/3
  1339 | D:3      | Reached skill level 4 in Axes
  1466 | D:3      | Reached XP level 5. HP: 26/47 MP: 4/4
  2044 | D:3      | Reached skill level 5 in Axes
  2311 | D:4      | Gained mutation: Your body sometimes deteriorates upon
                  | taking damage. [potion of mutation]
  2311 | D:4      | Gained mutation: Your magical capacity is low. (-10% MP)
                  | [potion of mutation]
  2311 | D:4      | Gained mutation: You are weak. (Str -2) [potion of
                  | mutation]
  2311 | D:4      | Gained mutation: Your system is resistant to poisons.
                  | (rPois) [potion of mutation]
  2382 | D:4      | Found a sacrificial altar of Ru.
  2383 | D:4      | Noticed Eustachio
  2396 | D:4      | Killed Eustachio
  2396 | D:4      | Reached skill level 5 in Fighting
  2396 | D:4      | Reached skill level 5 in Armour
  2396 | D:4      | Reached XP level 6. HP: 46/56 MP: 4/4
  2469 | D:4      | Found Opil Yne's Gadget Shoppe.
  2588 | D:4      | Reached skill level 6 in Axes
  2591 | D:4      | Found a radiant altar of Vehumet.
  2593 | D:4      | Found a shimmering altar of Xom.
  2597 | D:4      | Found a bloodstained altar of Trog.
  2949 | D:5      | Entered Level 5 of the Dungeon
  2951 | D:5      | Noticed an orc warrior
  2952 | D:5      | Reached XP level 7. HP: 61/61 MP: 5/5
  2968 | D:5      | Mangled by an orc warrior

Levels and vault maps discovered:
D:1:      minmay_arrival_four_circles, layout_loops_cross
D:2:      layout_rooms
D:3:      layout_rooms, portal_sewer_entry_d, minmay_fractal_squares_diagonal_5
D:4:      layout_loops_ring, nicolae_ru_awakened_eye,
          chequers_temple_overflow_statue_of_worship, first_ration,
          serial_shops, shop_statue, amethyst_killhole, chequers_jeans,
          bloody_trog, uniq_eustachio
D:5:      layout_basic

Skill      XL: |  1  2  3  4  5  6 |
---------------+-------------------+-----
Shields        | 4 |  4.4
Fighting       | 4 5 |  5.6
Armour         | 4 5 |  5.5
Axes           | 3 4 5 6 |  6.3
Dodging        | |  0.2

Action                   |  1- 3 |  4- 6 |  7- 9 || total
-------------------------+-------+-------+-------++-------
Melee: War axe           |    93 |   132 |    11 ||   236
       Headbutt          |    13 |    13 |     3 ||    29
Evoke: Wand              |       |       |     1 ||     1
  Use: Scroll            |       |     9 |       ||     9
       Potion            |       |     8 |       ||     8
  Eat: Chunk             |       |     4 |       ||     4
       Ration            |       |     1 |       ||     1
Armor: Scale mail        |    42 |    70 |     2 ||   114
Dodge: Dodged            |    36 |    39 |     2 ||    77
Block: Shield            |    45 |    86 |    10 ||   141

Table legend:
 A = Non-vault XP
 B = Vault XP
 C = Vault XP percentage of total XP
 D = Non-vault monster count
 E = Vault monster count
 F = Vault count percentage of total count
                 A         B        C        D         E       F
            +---------+---------+-------+---------+---------+-------
      Total |     521 |     226 |  30.3 |      70 |       9 |  11.4
            +---------+---------+-------+---------+---------+-------
        D:1 |      25 |       0 |   0.0 |      15 |       0 |   0.0
        D:2 |      64 |       0 |   0.0 |      17 |       0 |   0.0
        D:3 |     142 |      41 |  22.4 |      25 |       8 |  24.2
        D:4 |     246 |     185 |  42.9 |      11 |       1 |   8.3
        D:5 |      44 |       0 |   0.0 |       2 |       0 |   0.0
            +---------+---------+-------+---------+---------+-------
